 Dungeon Sprint DCSS version 0.28.0-45-g0d030f2227 (webtiles) character file.

Game seed: 6519654652967958922

114 Naeght the Basher (level 4, -4/39 HPs)
             Began as a Minotaur Fighter on Apr 20, 2022.
             Slain by Sigmund
             ... wielding a +0 scythe
              (8 damage)
             ... in the Dungeon (Sprint I: "Red Sonja").
             The game lasted 00:01:18 (251 turns).

Naeght the Basher (Minotaur Fighter)                 Turns: 251, Time: 00:01:19

Health: -4/39      AC:  7    Str: 22    XL:     4   Next: 66%
Magic:  3/3        EV:  9    Int:  5    God:
Gold:   54         SH:  0    Dex: 10    Spells: 3/3 levels left

rFire   . . .      SeeInvis .   a - +0 flail
rCold   . . .      Faith    .   c - +0 buckler
rNeg    . . .      Spirit   .   b - +0 scale mail
rPois   .          Reflect  .   (helmet restricted)
rElec   .          Harm     .   (no cloak)
rCorr   .          Rampage  .   (no gloves)
Will    .....      NoTele   +   (no boots)
Stlth   ..........              (no amulet)
HPRegen 0.13/turn               (no ring)
MPRegen 0.08/turn               (no ring)

@: confused
A: horns 2, retaliatory headbutt
a: no special abilities


You were in the Dungeon.
You visited 1 branch You collected 54 gold pieces.

Inventory:

Hand Weapons
 a - a +0 flail (weapon)
Armour
 b - a +0 scale mail (worn)
 c - a +0 buckler (worn)
Wands
 k - a wand of iceblast (7)
Scrolls
 j - a scroll of blinking
Potions
 d - a potion of might
 e - 2 potions of curing
 f - a potion of heal wounds
 g - a potion of haste
 h - 2 potions of magic
 i - a potion of berserk rage


   Skills:
 + Level 3.6 Fighting
 * Level 9.9 Maces & Flails
 * Level 5.7 Armour
 - Level 5.0 Shields


You had 3 spell levels left.
You didn't know any spells.
Your spell library was empty.

Dungeon Overview and Level Annotations

Branches:
Dungeon (1/1)

Altars:

Annotations:
D Sigmund


Innate Abilities, Weirdness & Mutations

You have a pair of horns on your head.
You reflexively headbutt those who attack you in melee.


Message History

You see here a +0 giant club.
You open the door.
There is an open door here.
You now have 27 gold pieces.
You now have 54 gold pieces (gained 27).
There is an open door here.
You open the door.
Sigmund the Dreaded comes into view.
He is wielding a +0 scythe.
Sigmund shouts!
Sigmund is nearby!
Okay, then.
Sigmund gestures at you while chanting. The puff of flame hits you!
There is an open door here.
You closely miss Sigmund. Sigmund barely misses you.
You closely miss Sigmund. Sigmund hits you with a +0 scythe!
You completely miss Sigmund. You barely miss Sigmund.
Your headbutt misses Sigmund. You block Sigmund's attack.
You closely miss Sigmund. You hit Sigmund. Your headbutt misses Sigmund.
Sigmund is lightly wounded.
Sigmund gestures at you while chanting. The magic dart hits you!
* * * LOW HITPOINT WARNING * * *
You sock Sigmund! You headbutt Sigmund.
Sigmund is severely wounded.
Sigmund gestures wildly while chanting.
Sigmund flickers and vanishes!
Deactivating autopickup; reactivate with Ctrl-A.
You hit something but do no damage. Your headbutt misses something.
Something hits you!
* * * LOW HITPOINT WARNING * * *
You miss something.
You hear some strange, mumbled words.
You are confused.
You bump into the rock wall.
Something hits you but does no damage.
You closely miss something. You closely miss something. Something hits you!
You die...

#############
#<.#..)..#..+
#..').#..@{.#
#..#####'####
#..# #..#
#..# ####
#..# #⌠⌠#
####


There were no monsters in sight!

Vanquished Creatures
  An ogre (D)
  Ijyb (D)
2 creatures vanquished.

Notes
Turn   | Place    | Note
-------+----------+-------------------------------------------
     0 | D        | Naeght the Minotaur Fighter began the quest for the Orb.
     0 | D        | Reached XP level 1. HP: 19/19 MP: 0/0
     1 | D        | Noticed Ijyb
    14 | D        | Killed Ijyb
    15 | D        | Reached skill level 7 in Maces & Flails
    15 | D        | Reached XP level 2. HP: 9/26 MP: 1/1
   219 | D        | Noticed an ogre
   226 | D        | Killed an ogre
   227 | D        | Reached skill level 9 in Maces & Flails
   227 | D        | Reached skill level 5 in Armour
   227 | D        | Reached skill level 5 in Shields
   227 | D        | Reached XP level 3. HP: 31/31 MP: 2/2
   227 | D        | Reached XP level 4. HP: 39/39 MP: 3/3
   238 | D        | Noticed Sigmund
   251 | D        | Slain by Sigmund

Illustrated notes

Levels and vault maps discovered:
D:        dungeon_sprint_1 [red_sonja_temple_1, red_sonja_temple_small_1]

Skill      XL: |  1  2 |
---------------+-------+-----
Maces & Flails | 7 9 |  9.9
Armour         | 5 |  5.7
Shields        | 5 |  5.0
Fighting       | |  3.6

Action                   |  1- 3 |  4- 6 || total
-------------------------+-------+-------++-------
Melee: Flail             |    18 |    11 ||    29
       Headbutt          |     3 |     1 ||     4
Evoke: Wand              |     1 |       ||     1
Armor: Scale mail        |     6 |     1 ||     7
Dodge: Dodged            |     5 |     1 ||     6
Block: Buckler           |     4 |     1 ||     5
